IL
ROUND ROCK EXPRESS @ NASHVILLE SOUNDS
08/28/2049
 
TOP OF THE 1ST
Round Rock Express batting - Pitching for Nashville Sounds : RHP Victor Sanchez
Pitching: RHP Victor Sanchez
Batting: RHB Luis Romero 0-0: TRIPLE (Flyball, 78XD, EV 106.2 MPH)
Batting: SHB Javy Rosa 0-0: Foul Ball, location: 2F
0-1: Called Strike
0-2: Ground out 1-3 (Groundball, 13, EV 71.9 MPH)
Batting: SHB Hans Mikkelsen 0-0: Ball
1-0: Ball
2-0: Called Strike
2-1: SINGLE (Groundball, 34D, EV 98.1 MPH)
Luis Romero scores
Batting: RHB Noah Stanley 0-0: Called Strike
0-1: Grounds into double play, 5-4-3 (Groundball, 56S, EV 83.1 MPH)
Top of the 1st over - 1 run, 2 hits, 0 errors, 0 left on base; Round Rock 1 - Nashville 0
BOTTOM OF THE 1ST
Nashville Sounds batting - Pitching for Round Rock Express : LHP Jordan Ruiz
Pitching: LHP Jordan Ruiz
Batting: SHB Robert Santiago 0-0: Ball
1-0: Called Strike
1-1: Ball
2-1: Ground out 1-3 (Groundball, 13S, EV 66.2 MPH)
Batting: LHB Tomas Segarra 0-0: Ball
1-0: Called Strike
1-1: Ball
2-1: Foul Ball, location: 2F
2-2: Ball
3-2: Base on Balls
Batting: RHB Tim Cordle 0-0: Foul Ball, location: 2F
0-1: Ball
1-1: Ball
2-1: Ball
3-1: Base on Balls
Tomas Segarra to second
Batting: RHB David Herrera 0-0: Foul Ball, location: 2F
0-1: Swinging Strike
0-2: Ball
1-2: Foul Ball, location: 2F
1-2: Foul Ball, location: 2F
1-2: Foul Ball, location: 2F
1-2: Ball
2-2: Foul Ball, location: 2F
2-2: Grounds into double play, 6-4-3 (Groundball, 56, EV 108.1 MPH)
Bottom of the 1st over - 0 runs, 0 hits, 0 errors, 1 left on base; Round Rock 1 - Nashville 0
TOP OF THE 2ND
Round Rock Express batting - Pitching for Nashville Sounds : RHP Victor Sanchez
Batting: LHB Barend van der Kamp 0-0: Called Strike
0-1: Called Strike
0-2: Ball
1-2: Ball
2-2: Foul Ball, location: 2F
2-2: Strikes out looking
Batting: RHB Doug Hammertime 0-0: Foul Ball, location: 2F
0-1: Ball
1-1: Foul Ball, location: 2F
1-2: Ball
2-2: Fly out, F7 (Flyball, 7, EV 85.6 MPH)
Batting: RHB Jonathan Rangel 0-0: Swinging Strike
0-1: Swinging Strike
0-2: Ground out 5-3 (Groundball, 56, EV 106.2 MPH)
Top of the 2nd over - 0 runs, 0 hits, 0 errors, 0 left on base; Round Rock 1 - Nashville 0
BOTTOM OF THE 2ND
Nashville Sounds batting - Pitching for Round Rock Express : LHP Jordan Ruiz
Batting: RHB Jonathan Ellis 0-0: Foul Ball, location: 2F
0-1: Ground out U3 (Groundball, 34, EV 86.9 MPH)
Batting: RHB Wade Diamond 0-0: Swinging Strike
0-1: Ball
1-1: Swinging Strike
1-2: Foul Ball, location: 2F
1-2: Foul Ball, location: 2F
1-2: Foul Ball, location: 2F
1-2: Ball
2-2: Strikes out swinging
Batting: RHB Yonetoshi Muranaka 0-0: Ground out 6-3 (Groundball, 6, EV 111.9 MPH)
Bottom of the 2nd over - 0 runs, 0 hits, 0 errors, 0 left on base; Round Rock 1 - Nashville 0
TOP OF THE 3RD
Round Rock Express batting - Pitching for Nashville Sounds : RHP Victor Sanchez
Batting: RHB Ivan Colon 0-0: Called Strike
0-1: Foul Ball, location: 2F
0-2: SINGLE (Groundball, 6MD, EV 102.5 MPH)
Batting: RHB Jeremy Boerman 0-0: Foul Ball, location: 2F
0-1: Fly out, F9 (Flyball, 9D, EV 106.2 MPH)
Batting: RHB Luis Romero 0-0: Ball
1-0: Ground out 5-3 (Groundball, 56S, EV 87.5 MPH)
Ivan Colon to second
Batting: SHB Javy Rosa 0-0: Called Strike
0-1: Called Strike
0-2: Ball
1-2: Foul Ball, location: 2F
1-2: Strikes out swinging
Top of the 3rd over - 0 runs, 1 hit, 0 errors, 1 left on base; Round Rock 1 - Nashville 0
BOTTOM OF THE 3RD
Nashville Sounds batting - Pitching for Round Rock Express : LHP Jordan Ruiz
Batting: LHB Al Hernandez 0-0: Ball
1-0: SINGLE (Line Drive, 9S, EV 101.2 MPH)
Batting: RHB Tony Crespo 0-0: Ball
1-0: Fly out, F8 (Flyball, 8RD, EV 102.5 MPH)
Batting: SHB Robert Santiago 0-0: Ball
1-0: Grounds into double play, 5-4-3 (Groundball, 56, EV 101.9 MPH)
Bottom of the 3rd over - 0 runs, 1 hit, 0 errors, 0 left on base; Round Rock 1 - Nashville 0
TOP OF THE 4TH
Round Rock Express batting - Pitching for Nashville Sounds : RHP Victor Sanchez
Batting: SHB Hans Mikkelsen 0-0: Ball
1-0: Ball
2-0: Called Strike
2-1: Foul Ball, location: 2F
2-2: Strikes out swinging
Batting: RHB Noah Stanley 0-0: Called Strike
0-1: DOUBLE (Line Drive, 89D, EV 110.0 MPH)
Batting: LHB Barend van der Kamp 0-0: Called Strike
0-1: Ball
1-1: Called Strike
1-2: Ball
2-2: Strikes out looking
Batting: RHB Doug Hammertime 0-0: Ball
1-0: Called Strike
1-1: Swinging Strike
1-2: Strikes out looking
Top of the 4th over - 0 runs, 1 hit, 0 errors, 1 left on base; Round Rock 1 - Nashville 0
BOTTOM OF THE 4TH
Nashville Sounds batting - Pitching for Round Rock Express : LHP Jordan Ruiz
Batting: LHB Tomas Segarra 0-0: Ball
1-0: Called Strike
1-1: Foul Ball, location: 2F
1-2: Ground out 4-3 (Groundball, 4D, EV 101.9 MPH)
Batting: RHB Tim Cordle 0-0: SINGLE (Groundball, 56, EV 105.6 MPH) (infield hit)
Batting: RHB David Herrera 0-0: Swinging Strike
0-1: DOUBLE (Flyball, 89D, EV 96.9 MPH)
Tim Cordle to third
Runner from 3rd tries for Home, SAFE, throw by CF to trailing runner, SAFE at third!
Batting: RHB Jonathan Ellis 0-0: Ball
1-0: Ground out U3 (Groundball, 34S, EV 75.6 MPH)
David Herrera scores
Batting: RHB Wade Diamond 0-0: Ball
1-0: Foul Ball, location: 2F
1-1: Ball
2-1: Foul Ball, location: 2F
2-2: Strikes out swinging
Bottom of the 4th over - 2 runs, 2 hits, 0 errors, 0 left on base; Round Rock 1 - Nashville 2
TOP OF THE 5TH
Round Rock Express batting - Pitching for Nashville Sounds : RHP Victor Sanchez
Batting: RHB Jonathan Rangel 0-0: Ball
1-0: Swinging Strike
1-1: Ball
2-1: Ball
3-1: Base on Balls
Batting: RHB Ivan Colon 0-0: Called Strike
0-1: Ball
Jonathan Rangel is caught stealing 2nd base 2-4
1-1: Foul Ball, location: 2F
1-2: DOUBLE (Flyball, 89XD, EV 93.8 MPH)
Batting: RHB Jeremy Boerman 0-0: Ground out 4-3 (Groundball, 34, EV 85.6 MPH)
Ivan Colon to third
Batting: RHB Luis Romero 0-0: Ball
1-0: Ball
2-0: Ball
3-0: Base on Balls
Batting: SHB Javy Rosa 0-0: Ball
1-0: Called Strike
1-1: Called Strike
1-2: Ball
2-2: Foul Ball, location: 2F
2-2: SINGLE (Groundball, 56D, EV 94.4 MPH)
Ivan Colon scores
Luis Romero to second
Batting: SHB Hans Mikkelsen 0-0: Ball
1-0: Called Strike
1-1: Ball
2-1: Foul Ball, location: 2F
2-2: Ball
3-2: Foul Ball, location: 2F
3-2: Ground out 4-3 (Groundball, 4, EV 95.6 MPH)
Top of the 5th over - 1 run, 2 hits, 0 errors, 2 left on base; Round Rock 2 - Nashville 2
BOTTOM OF THE 5TH
Nashville Sounds batting - Pitching for Round Rock Express : LHP Jordan Ruiz
Batting: RHB Yonetoshi Muranaka 0-0: Foul Ball, location: 2F
0-1: Ball
1-1: SINGLE (Groundball, 6M, EV 97.5 MPH)
Batting: LHB Al Hernandez 0-0: Called Strike
0-1: Ball
Yonetoshi Muranaka is caught stealing 2nd base 2-6
1-1: Called Strike
1-2: Foul Ball, location: 2F
1-2: Ground out 6-3 (Groundball, 4M, EV 91.9 MPH)
Batting: RHB Tony Crespo 0-0: Ball
1-0: Foul Ball, location: 2F
1-1: Called Strike
1-2: Strikes out swinging
Bottom of the 5th over - 0 runs, 1 hit, 0 errors, 0 left on base; Round Rock 2 - Nashville 2
TOP OF THE 6TH
Round Rock Express batting - Pitching for Nashville Sounds : RHP Victor Sanchez
Batting: RHB Noah Stanley 0-0: Swinging Strike
0-1: Swinging Strike
0-2: Ball
1-2: Ball
2-2: Ball
3-2: Ground out 5-3 (Groundball, 56, EV 110.6 MPH)
Pitching: RHP Ricky Lopez
Batting: LHB Barend van der Kamp 0-0: Called Strike
0-1: Foul Ball, location: 2F
0-2: Ball
1-2: Ball
2-2: Strikes out swinging
Batting: RHB Doug Hammertime 0-0: Ground out 1-3 (Groundball, 34S, EV 63.1 MPH)
Top of the 6th over - 0 runs, 0 hits, 0 errors, 0 left on base; Round Rock 2 - Nashville 2
BOTTOM OF THE 6TH
Nashville Sounds batting - Pitching for Round Rock Express : LHP Jordan Ruiz
Batting: SHB Robert Santiago 0-0: Ball
1-0: Ball
2-0: Ground out 6-3 (Groundball, 6, EV 105.6 MPH)
Batting: LHB Tomas Segarra 0-0: Called Strike
0-1: Called Strike
0-2: Ball
1-2: DOUBLE (Flyball, 78XD, EV 108.8 MPH)
Batting: RHB Tim Cordle 0-0: SINGLE (Groundball, 23, EV 66.9 MPH) (infield hit)
Tomas Segarra to third
Batting: RHB David Herrera 0-0: Ball
1-0: Foul Ball, location: 2F
1-1: Foul Ball, location: 2F
1-2: Ball
2-2: Ball
3-2: Foul Ball, location: 2F
3-2: Base on Balls
Tim Cordle to second
Batting: RHB Jonathan Ellis 0-0: Foul Ball, location: 2F
0-1: Called Strike
0-2: Foul Ball, location: 2F
0-2: Ball
1-2: Strikes out swinging
Batting: RHB Wade Diamond 0-0: Ball
1-0: Fielders Choice at 2nd, 6-4 (Groundball, 6, EV 91.2 MPH)
Bottom of the 6th over - 0 runs, 2 hits, 0 errors, 3 left on base; Round Rock 2 - Nashville 2
TOP OF THE 7TH
Round Rock Express batting - Pitching for Nashville Sounds : RHP Ricky Lopez
Pinch Hitting: SHB Pat Wilson 0-0: Ball
1-0: SINGLE (Groundball, 34S, EV 61.9 MPH) (infield hit)
Batting: RHB Ivan Colon 0-0: Ball
1-0: Sac Bunt to P - play at first, batter OUT! 1-3
Pat Wilson to second
Batting: RHB Jeremy Boerman 0-0: Ball
1-0: Ground out 5-3 (Groundball, 56, EV 84.4 MPH)
Batting: RHB Luis Romero 0-0: Called Strike
0-1: Ground out U3 (Groundball, 3S, EV 84.4 MPH)
Top of the 7th over - 0 runs, 1 hit, 0 errors, 1 left on base; Round Rock 2 - Nashville 2
BOTTOM OF THE 7TH
Nashville Sounds batting - Pitching for Round Rock Express : LHP Jordan Ruiz
Now in LF: Hans Mikkelsen
Now in CF: Pat Wilson
Batting: RHB Yonetoshi Muranaka 0-0: Ball
1-0: Foul Ball, location: 2F
1-1: Ground out 5-3 (Groundball, 56, EV 84.4 MPH)
Batting: LHB Al Hernandez 0-0: Ball
1-0: Foul Ball, location: 2F
1-1: Foul Ball, location: 2F
1-2: Ball
2-2: Ball
3-2: Foul Ball, location: 2F
3-2: Foul Ball, location: 2F
3-2: SINGLE (Groundball, 6D, EV 101.2 MPH)
Batting: RHB Tony Crespo 0-0: Ball
1-0: Ball
2-0: Ball
3-0: Base on Balls
Al Hernandez to second
Pitching: LHP John McRight
Batting: SHB Robert Santiago 0-0: Ball
1-0: Foul Ball, location: 2F
1-1: Foul Ball, location: 2F
1-2: Foul Ball, location: 2F
1-2: Foul Ball, location: 2F
1-2: Ball
2-2: Foul Ball, location: 2F
2-2: Hit by Pitch
Al Hernandez to third
Tony Crespo to second
Batting: LHB Tomas Segarra 0-0: Swinging Strike
0-1: Ball
1-1: Ball
2-1: Ball
3-1: Swinging Strike
3-2: Base on Balls
Al Hernandez scores
Tony Crespo to third
Robert Santiago to second
Batting: RHB Tim Cordle 0-0: Ball
1-0: Called Strike
1-1: Ball
2-1: SINGLE (Line Drive, 4D, EV 98.8 MPH)
Tony Crespo scores
Robert Santiago to third
Tomas Segarra to second
Runner from 3rd tries for Home, SAFE, throw by RF to home
Batting: RHB David Herrera 0-0: Foul Ball, location: 2F
0-1: Swinging Strike
0-2: Foul Ball, location: 2F
0-2: Foul Ball, location: 2F
0-2: Strikes out swinging
Batting: RHB Jonathan Ellis 0-0: Called Strike
0-1: Swinging Strike
0-2: Ball
1-2: Strikes out swinging, 2-3 out at first.
Bottom of the 7th over - 3 runs, 2 hits, 0 errors, 2 left on base; Round Rock 2 - Nashville 5
TOP OF THE 8TH
Round Rock Express batting - Pitching for Nashville Sounds : RHP Ricky Lopez
Now at 1B: Zachary DeLuca
Batting: SHB Javy Rosa 0-0: Ball
1-0: Foul Ball, location: 2F
1-1: Foul Ball, location: 2F
1-2: Foul Ball, location: 2F
1-2: Foul Ball, location: 2F
1-2: Fly out, F8 (Flyball, 78S, EV 86.9 MPH)
Batting: SHB Hans Mikkelsen 0-0: Ball
1-0: Foul Ball, location: 2F
1-1: Ball
2-1: Called Strike
2-2: Ball
3-2: Ground out 4-3 (Groundball, 4, EV 90.0 MPH)
Batting: RHB Noah Stanley 0-0: Ball
1-0: Swinging Strike
1-1: Foul Ball, location: 2F
1-2: Strikes out swinging
Top of the 8th over - 0 runs, 0 hits, 0 errors, 0 left on base; Round Rock 2 - Nashville 5
BOTTOM OF THE 8TH
Nashville Sounds batting - Pitching for Round Rock Express : LHP John McRight
Pitching: LHP Matt Walton
Batting: RHB Wade Diamond 0-0: Ball
1-0: Ground out 6-3 (Groundball, 6, EV 78.1 MPH)
Batting: RHB Yonetoshi Muranaka 0-0: Ball
1-0: Ball
2-0: Ball
3-0: Called Strike
3-1: Foul Ball, location: 2F
3-2: Ground out 5-3 (Groundball, 5S, EV 66.2 MPH)
Batting: LHB Al Hernandez 0-0: Ball
1-0: Ball
2-0: DOUBLE (Line Drive, 89D, EV 107.5 MPH)
Batting: RHB Tony Crespo 0-0: Ball
1-0: Ball
2-0: Ground out 1-3 (Groundball, 13S, EV 62.5 MPH)
Bottom of the 8th over - 0 runs, 1 hit, 0 errors, 1 left on base; Round Rock 2 - Nashville 5
TOP OF THE 9TH
Round Rock Express batting - Pitching for Nashville Sounds : RHP Ricky Lopez
Pitching: RHP Andrew Douglas
Batting: LHB Barend van der Kamp 0-0: Ball
1-0: Ball
2-0: Called Strike
2-1: Ball
3-1: Called Strike
3-2: Ground out 4-3 (Groundball, 34D, EV 81.2 MPH)
Pinch Hitting: LHB Cooper Broomhall 0-0: Ball
1-0: DOUBLE (Flyball, 8RXD, EV 111.9 MPH)
Batting: SHB Pat Wilson 0-0: Called Strike
0-1: Called Strike
0-2: Ball
1-2: Strikes out looking
Pinch Hitting: SHB Dan Lash 0-0: Called Strike
0-1: Ball
1-1: Foul Ball, location: 2F
1-2: Ball
2-2: TRIPLE (Line Drive, 89XD, EV 113.1 MPH)
Cooper Broomhall scores
Batting: RHB Jeremy Boerman 0-0: Called Strike
0-1: Foul Ball, location: 2F
0-2: Ball
1-2: Ball
2-2: Ball
3-2: Ground out 6-3 (Groundball, 56D, EV 101.2 MPH)
Top of the 9th over - 1 run, 2 hits, 0 errors, 1 left on base; Round Rock 3 - Nashville 5
Sunday, July 16th , 2023 - OOTP Baseball 24.6 Build 69